 Dungeon Crawl Stone Soup version 0.27-a0-1579-g97d2440184 (webtiles) character file.

Game seed: 3744681957285902417

168 MovingMist the Skirmisher (level 5, -3/33 HPs)
             Began as a Gargoyle Fighter on July 17, 2021.
             Slain by a hornet zombie (4 damage)
             ... on level 3 of the Dungeon.
             The game lasted 00:04:18 (2851 turns).

MovingMist the Skirmisher (Gargoyle Fighter)        Turns: 2851, Time: 00:04:19

Health: -3/33      AC: 11    Str: 20    XL:     5   Next: 49%
Magic:  5/5        EV:  8    Int:  8    God:
Gold:   53         SH:  9    Dex: 10    Spells: 4/4 levels left

rFire    . . .     SeeInvis .   a - +0 flail
rCold    . . .     Faith    .   c - +0 kite shield
rNeg     + . .     Spirit   .   b - +0 scale mail
rPois    ∞         Reflect  .   (no helmet)
rElec    +         Harm     .   (no cloak)
rCorr    .         Rampage  .   (no gloves)
Will     +....                  (no boots)
Stlth    ..........             (no amulet)
HPRegen  0.11/turn              i - ring of willpower
MPRegen  0.09/turn              (no ring)

@: no status effects
A: sickness immunity, AC +4, negative energy resistance 1, electricity
resistance, torment resistance 1, petrification resistance
a: no special abilities


You were on level 3 of the Dungeon.
You visited 1 branch of the dungeon, and saw 3 of its levels.

You collected 53 gold pieces.

Inventory:

Hand Weapons
 a - a +0 flail (weapon)
Missiles
 h - 8 curare-tipped darts (quivered)
Armour
 b - a +0 scale mail (worn)
 c - a +0 kite shield (worn)
Jewellery
 i - a ring of willpower (left hand)
Scrolls
 g - a scroll of silence
 j - a scroll of amnesia
 k - a scroll of holy word
Potions
 d - a potion of might
 f - a potion of curing {unknown}
 l - a potion of brilliance {unknown}


   Skills:
 + Level 4.2 Fighting
 + Level 2.9 Maces & Flails
 + Level 4.1 Armour
 * Level 2.4 Dodging
 - Level 3.3 Shields


You had 4 spell levels left.
You didn't know any spells.
Your spell library contained the following spells:

 Spells                   Type           Power      Damage    Failure   Level
 Corona                   Hex            0%         N/A       99%         1
 Ensorcelled Hibernation  Hex/Ice        0%         N/A       100%        2
 Dazzling Flash           Conj/Hex       0%         N/A       100%        3
 Tukima's Dance           Hex            0%         N/A       100%        3
 Iskenderun's Mystic Bla  Conj/Tloc      0%         2d3       100%        4
 Starburst                Conj/Fire      0%         8x6d3     100%        6


Dungeon Overview and Level Annotations

Branches:
Dungeon (3/15)

Altars:


Innate Abilities, Weirdness & Mutations

You are immune to sickness and miasma.
Your stone body is resilient. (AC +4)
You are immune to poison.
You resist negative energy. (rN+)
You are resistant to electric shocks. (rElec)
You are resistant to unholy torment.
You are immune to petrification.


Message History

You block the hornet zombie's attack. The hornet zombie hits you.
You barely miss the hornet zombie.
The hornet zombie is moderately damaged.
The hornet zombie hits you.
The hornet zombie hits you but does no damage.
You closely miss the hornet zombie.
The hornet zombie is moderately damaged.
The hornet zombie barely misses you.
The hornet zombie hits you but does no damage.
You hit the hornet zombie but do no damage.
The hornet zombie is moderately damaged.
The hornet zombie hits you but does no damage.
You block the hornet zombie's attack.
You closely miss the hornet zombie.
The hornet zombie is moderately damaged.
The hornet zombie barely misses you. x2
You hit the hornet zombie.
The hornet zombie is moderately damaged.
The hornet zombie barely misses you.
You barely miss the hornet zombie.
The hornet zombie is moderately damaged.
You block the hornet zombie's attack. x2
You closely miss the hornet zombie.
The hornet zombie is moderately damaged.
You block the hornet zombie's attack. The hornet zombie hits you.
You closely miss the hornet zombie.
The hornet zombie is moderately damaged.
You block the hornet zombie's attack.
The hornet zombie hits you but does no damage.
You hit the hornet zombie but do no damage.
The hornet zombie is moderately damaged.
You block the hornet zombie's attack. The hornet zombie hits you!
* * * LOW HITPOINT WARNING * * *
Your shield and scale mail prevent you from hitting the hornet zombie.
The hornet zombie is moderately damaged.
The hornet zombie closely misses you. You block the hornet zombie's attack.
You sock the hornet zombie!
The hornet zombie is heavily damaged.
The hornet zombie hits you.
You die...

......#............
...............#####
..............>....#
...............###.#
#.......#......###+#####
#.......#............(.#
#.......##.............#
..#....................#
..#........###+#@#+#####
..+........+ #Z#
..#........# #.#
..#....(...# #.#
..'........+ #.#
..#........# #.#
..+........# #.#
..#........# #.#.#
..#........# #.#


You could see a hornet zombie.

Vanquished Creatures
  A necrophage (D:3)
  A gnoll (D:1)
  An adder (D:2)
  A worm (D:2)
  2 dart slugs
  5 ball pythons
  5 endoplasms
  2 giant cockroaches
  11 goblins
  2 hobgoblins (D:2)
  7 jackals
  2 quokkas
  2 bats
  2 frilled lizards
  4 kobolds
  3 rats
51 creatures vanquished.

Vanquished Creatures (others)
  A giant cockroach (D:1)
  A ball python (D:1)
2 creatures vanquished.

Grand Total: 53 creatures vanquished

Notes
Turn   | Place    | Note
-------+----------+-------------------------------------------
     0 | D:1      | MovingMist the Gargoyle Fighter began the quest for the
                  | Orb.
     0 | D:1      | Reached XP level 1. HP: 14/14 MP: 1/1
    96 | D:1      | Found a faded altar of an unknown god.
   267 | D:1      | Reached XP level 2. HP: 8/19 MP: 2/2
   889 | D:1      | Reached skill level 1 in Dodging
  1285 | D:1      | Reached XP level 3. HP: 19/23 MP: 3/3
  2127 | D:2      | Reached XP level 4. HP: 26/29 MP: 4/4
  2603 | D:3      | Noticed a necrophage
  2615 | D:3      | Killed a necrophage
  2616 | D:3      | Reached XP level 5. HP: 26/33 MP: 5/5
  2849 | D:3      | HP: 1/33 [hornet zombie (10)]
  2851 | D:3      | Slain by a hornet zombie

Illustrated notes

Levels and vault maps discovered:
D:1:      dpeg_arrival_water_temple_mockup, layout_basic,
          dreamdust_ecumenical_altar_grove, lemuel_flame_loot_1
D:2:      layout_basic
D:3:      layout_basic, portal_sewer_entry_f

Skill      XL: |  1  2  3  4 |
---------------+-------------+-----
Dodging        | 1 2 |  2.4
Fighting       | 4 |  4.2
Armour         | 4 |  4.1
Maces & Flails | |  2.9
Shields        | |  3.3

Action                   |  1- 3 |  4- 6 || total
-------------------------+-------+-------++-------
Melee: Flail             |   119 |    85 ||   204
  Use: Scroll            |       |     3 ||     3
Armor: Scale mail        |    65 |    45 ||   110
Dodge: Dodged            |    30 |    30 ||    60
Block: Kite shield       |    60 |    51 ||   111

Table legend: (Time is in decaauts)
 A = Elapsed time spent in this place.
 B = Non-inter-level travel time spent in this place.
 C = Inter-level travel time spent in this place.
 D = Time resting spent in this place.
 E = Time spent auto-exploring this place.
 F = Levels seen in this place.
 G = Mean time per level.
                   A        B        C        D        E       F      G
               +--------+--------+--------+--------+--------+-----+--------+
         Total |   2953 |   2804 |    149 |    349 |   1610 |   3 |  984.3 |
       Dungeon |   2953 |   2804 |    149 |    349 |   1610 |   3 |  984.3 |
               +--------+--------+--------+--------+--------+-----+--------+

Top non-repeatable levels by time:
     D:1: 1754 daAuts
     D:2: 762 daAuts
     D:3: 435 daAuts
